 Dungeon Crawl Stone Soup version 0.29-a0-830-gcb1280458a (webtiles) character file.

Game seed: 14260579894347706282

1861 LynnLen the Covert (level 8, 0/48 HPs)
             Began as a Vampire Enchanter on July 11, 2022.
             Killed from afar by an electric eel (10 damage)
             ... with a bolt of electricity
             ... on level 7 of the Dungeon.
             The game lasted 00:17:12 (5519 turns).

LynnLen the Covert (Vampire Enchanter)              Turns: 5519, Time: 00:17:13

Health: 0/48       AC:  5    Str:  7    XL:     8   Next: 89%
Magic:  11/11      EV: 27    Int: 30    God:
Gold:   369        SH:  0    Dex: 16    Spells: 0/11 levels left

rFire   . . .      SeeInvis +   B - +4 dagger (drain)
rCold   + + .      Faith    .   (no shield)
rNeg    + + +      Spirit   .   k - +0 leather armour
rPois   ∞          Reflect  .   (no helmet)
rElec   .          Harm     .   (no cloak)
rCorr   .          Rampage  .   d - +0 pair of gloves
Will    .....                   p - +0 pair of boots
Stlth   +++++++...              A - amulet of the acrobat
HPRegen 0.00/turn               a - +6 ring of intelligence
MPRegen 0.12/turn               G - +6 ring of intelligence

@: acrobatic, bloodless, inhibited regen
A: bloodless, fangs 3, see invisible, vampiric 2
a: Bat Form, Revivify


You were on level 7 of the Dungeon.
You visited 1 branch of the dungeon, and saw 7 of its levels.

You collected 369 gold pieces.

Inventory:

Hand Weapons
 l - a +3 whip
 B - a +4 dagger of draining (weapon)
Missiles
 h - 55 stones
 o - 10 poisoned darts
 x - 6 silver javelins
 I - 14 boomerangs
Armour
 d - a +0 pair of gloves (worn)
 k - a +0 leather armour (worn)
 p - a +0 pair of boots (worn)
Jewellery
 a - a +6 ring of intelligence (left hand)
 A - an amulet of the acrobat (around neck)
 G - a +6 ring of intelligence (right hand)
 J - a ring of willpower
Wands
 z - a wand of polymorph (9)
 H - a wand of paralysis (5)
Scrolls
 e - 2 scrolls of magic mapping
 i - a scroll of teleportation
 j - a scroll of summoning {unknown}
 q - a scroll of noise {unknown}
 u - a scroll of blinking {unknown}
 v - a scroll of amnesia {unknown}
 y - a scroll of fear {unknown}
 C - a scroll of torment {unknown}
 F - a scroll of enchant armour {unknown}
 K - 2 scrolls of vulnerability
Potions
 b - a potion of flight {unknown}
 c - a potion of invisibility
 f - 2 potions of lignification
 g - a potion of mutation {unknown}
 m - a potion of ambrosia
 n - 3 potions of magic
 r - 3 potions of brilliance
 s - 3 potions of curing
 t - 4 potions of heal wounds
 w - 2 potions of might {unknown}
 D - a potion of degeneration {unknown}
 E - 2 potions of attraction {unknown}


   Skills:
 * Level 4.1 Fighting
 * Level 8.0 Short Blades
 + Level 3.2 Dodging
 + Level 11.9 Stealth
 - Level 2.0 Spellcasting
 - Level 4.4 Hexes


You couldn't memorise any spells.
You knew the following spells:

 Your Spells              Type           Power      Damage    Failure   Level
a - Tukima's Dance        Hex            29%        N/A       6%          3
b - Confusing Touch       Hex            29%        N/A       6%          3
c - Ensorcelled Hibernat  Hex/Ice        32%        N/A       8%          2
d - Dazzling Flash        Conj/Hex       32%        N/A       14%         3

Your spell library contained the following spells:

 Spells                   Type           Power      Damage    Failure   Level
 Magic Dart               Conj           12%        1d3       12%         1
 Call Imp                 Summ           3%         N/A       19%         2
 Mephitic Cloud           Conj/Pois/Air  3%         N/A       34%         3
 Fulminant Prism          Conj/Hex       8%         3d7       43%         4
 Iskenderun's Mystic Bla  Conj/Tloc      3%         2d3       75%         4
 Lee's Rapid Deconstruct  Erth           1%         3d5*      97%         5


Dungeon Overview and Level Annotations

Branches:
Dungeon (7/15)
 Temple: D:4-7

Altars:
Dithmenos
Fedhas
Xom


Innate Abilities, Weirdness & Mutations

You do not regenerate when monsters are visible.
You are frail without blood (-20% HP).
You can heal yourself when you bite living creatures.
You are immune to poison.
You have razor-sharp teeth.
You have supernaturally acute eyesight. (SInv)
You are afflicted with vampirism and can become a bat while bloodless.


Message History

You destroy the necrophage!
The helpless shadow imp fails to defend itself.
You spit the shadow imp like a pig!!!!
You kill the shadow imp!
Found an escape hatch in the ceiling.
This spell is dangerous to cast!
Memorise Dazzling Flash, consuming 3 spell levels and leaving 0?
Okay, then.
Okay, then.
This spell is dangerous to cast!
Memorise Dazzling Flash, consuming 3 spell levels and leaving 0? [Y]es or [N]o only, please.
Memorise Dazzling Flash, consuming 3 spell levels and leaving 0?
You start memorising the spell.
You continue memorising. x3
You finish memorising.
Spell assigned to 'd'.
An electric eel comes into view.
You see here 6 boomerangs.
I - 14 boomerangs (gained 6)
A centaur comes into view.
A killer bee comes into view.
The killer bee buzzes angrily.
A killer bee comes into view. 2 killer bees come into view.
The killer bee buzzes angrily.
The electric eel shoots out a bolt of lightning at you!
The bolt of electricity hits you!
As you read the scroll of teleportation, it crumbles to dust.
You feel strangely unstable.
The electric eel shoots out a bolt of lightning at you!
The bolt of electricity hits you! The killer bee barely misses you.
As you read the scroll of teleportation, it crumbles to dust.
You feel strangely stable. The killer bee stings you!
The electric eel shoots out a bolt of lightning at you!
The bolt of electricity hits you!
* * * LOW HITPOINT WARNING * * *
The killer bee misses you.
The killer bee buzzes angrily.
The electric eel shoots out a bolt of lightning at you!
The bolt of electricity hits you!
You die...

...............
............c...
.................
.................
............y.y..
.................
.........y.≈≈≈≈≈≈
.........y≈≈#
........@S≈##
........≈≈## .
........≈## #≈..
.........≈# #≈..
..........≈# #≈..
............≈#
#≈..
............≈#
#≈..
............≈#
#≈..
............≈##
##≈..


You could see a centaur, 4 killer bees and an electric eel.

Vanquished Creatures
  A wraith (D:6)
  An orc warrior (D:6)
  3 sky beasts
  A black bear (D:6)
  2 ogres
  A phantom (D:5)
  2 bullfrogs
  4 necrophages
  2 scorpions (D:6)
  A crimson imp (D:5)
  2 hounds
  2 jellies
  3 iguanas
  Jessica (D:2)
  8 adders
  2 shadow imps
  A white imp (D:5)
  An ufetubus (D:6)
  3 worms
  2 dart slugs
  3 orcs
  2 bats (D:1)
  3 endoplasms
  A giant cockroach (D:3)
  8 hobgoblins
  4 jackals (D:1)
  5 quokkas
  7 ball pythons
  4 frilled lizards
  3 goblins
  5 kobolds
  2 rats (D:1)
90 creatures vanquished.

Vanquished Creatures (collateral kills)
  An ogre (D:6)
1 creature vanquished.

Vanquished Creatures (others)
  A fungus (D:5)
1 creature vanquished.

Grand Total: 92 creatures vanquished

Notes
Turn   | Place    | Note
-------+----------+-------------------------------------------
     0 | D:1      | LynnLen the Vampire Enchanter began the quest for the Orb.
     0 | D:1      | Reached XP level 1. HP: 13/13 MP: 3/3
   262 | D:1      | Reached XP level 2. HP: 13/16 MP: 5/5
   534 | D:1      | Reached skill level 5 in Stealth
   655 | D:1      | Reached skill level 1 in Fighting
   917 | D:1      | Gained mutation: You are afflicted with vampirism and can
                  | become a bat while bloodless. [Vampire growth]
   917 | D:1      | Reached XP level 3. HP: 20/20 MP: 6/6
  1299 | D:2      | Noticed a shining eye
  1300 | D:2      | Found a faded altar of an unknown god.
  1303 | D:2      | Noticed a floating eye
  1307 | D:2      | Noticed a great orb of eyes
  1307 | D:2      | Noticed a floating eye
  1446 | D:2      | Found a blossoming altar of Fedhas.
  1679 | D:2      | Noticed Jessica
  1693 | D:2      | Killed Jessica
  1694 | D:2      | Reached skill level 6 in Stealth
  1694 | D:2      | Reached XP level 4. HP: 8/25 MP: 7/7
  2152 | D:3      | Found a shimmering altar of Xom.
  2152 | D:3      | Noticed an angel
  2835 | D:4      | Noticed a sky beast
  2848 | D:4      | Killed a sky beast
  2849 | D:4      | Reached skill level 7 in Stealth
  2849 | D:4      | Reached XP level 5. HP: 30/30 MP: 8/8
  3023 | D:4      | Found a shadowy altar of Dithmenos.
  3217 | D:5      | Entered Level 5 of the Dungeon
  3219 | D:5      | Noticed a phantom
  3240 | D:5      | Killed a phantom
  3241 | D:5      | Reached XP level 6. HP: 20/35 MP: 9/9
  3400 | D:5      | Reached skill level 8 in Stealth
  3577 | D:5      | Learned a level 3 spell: Tukima's Dance
  3704 | D:5      | Reached skill level 5 in Short Blades
  3704 | D:5      | Reached XP level 7. HP: 17/40 MP: 10/10
  3877 | D:5      | Found a sand-covered staircase.
  3955 | D:5      | Reached skill level 9 in Stealth
  3998 | D:5      | Learned a level 3 spell: Confusing Touch
  4001 | D:5      | Learned a level 2 spell: Ensorcelled Hibernation
  4571 | D:6      | Noticed a wraith
  4574 | D:6      | Killed a wraith
  4575 | D:6      | Reached XP level 8. HP: 46/46 MP: 11/11
  4579 | D:6      | Reached skill level 10 in Stealth
  5040 | D:6      | Reached skill level 11 in Stealth
  5445 | D:7      | Learned a level 3 spell: Dazzling Flash
  5519 | D:7      | Killed from afar by an electric eel

Illustrated notes

Levels and vault maps discovered:
D:1:      saegor_arrival_fortress, layout_loops_ring, minmay_misc_feat_five,
          grunt_decor_clamped
D:2:      layout_basic, basic_altar, hellmonk_ecumenical_altar_watching_god,
          nicolae_kite_square_tiling_tiny, minmay_splitting_lines, uniq_jessica
D:3:      layout_basic, grunt_temple_overflow_order_and_chaos_1,
          kennysheep_flooded_box
D:4:      layout_rooms, general_overflow_altar, due_unseen_surprise
D:5:      layout_rooms, serial_aquarium, aquarium_bridge_square
          [aquarium_subvault_window, aquarium_subvault_bridge,
          aquarium_subvault_balcony, aquarium_subvault_bridge],
          aquarium_window_fake, aquarium_window_fake, aquarium_view_2c,
          aquarium_view_2c, nicolae_ossuary_entry_ruins, minmay_fire_ice_demons
D:6:      minmay_razor_zed, layout_basic
D:7:      layout_layer_cave, lemuel_doored_altar,
          minmay_temple_entry_drinking_statues, water_maze_lemuel, uniq_pikel,
          uniq_crazy_yiuf_cottage

Skill      XL: |  1  2  3  4  5  6  7  8 |
---------------+-------------------------+-----
Stealth        | 5 6 7 8 9 11 | 11.9
Fighting       | 1 2 3 4 |  4.1
Short Blades   | 2 3 4 5 6 8 |  8.0
Dodging        | 3 |  3.2
Spellcasting   | |  2.0
Hexes          | |  4.4

Action                   |  1- 3 |  4- 6 |  7- 9 || total
-------------------------+-------+-------+-------++-------
Melee: Dagger            |    69 |    91 |    88 ||   248
       Bite              |     5 |     6 |    11 ||    22
       Punch             |       |     2 |     1 ||     3
 Cast: Tukima's Dance    |       |     2 |     2 ||     4
       Confusing Touch   |       |       |     1 ||     1
 Abil: Exsanguinate      |     1 |       |       ||     1
Evoke: Wand              |       |       |     6 ||     6
  Use: Scroll            |     2 |     6 |     5 ||    13
       Potion            |       |     2 |     1 ||     3
 Stab: Sleeping          |    18 |    15 |    19 ||    52
       Distracted        |       |     1 |       ||     1
       Paralysed         |       |       |     1 ||     1
       Confused          |       |       |     1 ||     1
Armor: Robe              |     6 |       |       ||     6
       Leather armour    |     4 |    20 |    11 ||    35
Dodge: Dodged            |    35 |    35 |    33 ||   103

Table legend: (Time is in decaauts)
 A = Elapsed time spent in this place.
 B = Non-inter-level travel time spent in this place.
 C = Inter-level travel time spent in this place.
 D = Time resting spent in this place.
 E = Time spent auto-exploring this place.
 F = Levels seen in this place.
 G = Mean time per level.
                   A        B        C        D        E       F      G
               +--------+--------+--------+--------+--------+-----+--------+
         Total |   5464 |   5425 |     39 |     89 |   3297 |   7 |  780.6 |
       Dungeon |   5464 |   5425 |     39 |     89 |   3297 |   7 |  780.6 |
               +--------+--------+--------+--------+--------+-----+--------+

Top non-repeatable levels by time:
     D:1: 1241 daAuts
     D:5: 1041 daAuts
     D:6: 995 daAuts
     D:2: 827 daAuts
     D:3: 667 daAuts
     D:4: 469 daAuts
     D:7: 222 daAuts
